 Dungeon Crawl Stone Soup version 0.25.1-2-g60ff931df9 (webtiles) character file.

Game seed: 13365542153862196388

212 McKennaii the Shield-Bearer (level 5, -1/33 HPs)
             Began as a Gargoyle Fighter on Oct 13, 2020.
             Slain by a goblin
             ... wielding a +1 dagger of speed
             ... led by Robin
              (3 damage)
             ... on level 3 of the Dungeon.
             The game lasted 00:03:16 (2398 turns).

McKennaii the Shield-Bearer (Gargoyle Fighter)      Turns: 2398, Time: 00:03:17

Health: -1/33      AC: 13    Str: 21    XL:     5   Next: 89%
Magic:  5/5        EV:  5    Int:  8    God:
Gold:   71         SH:  9    Dex:  9    Spells: 4/4 levels left

rFire    . . .     SeeInvis .   a - +0 flail
rCold    . . .     Gourm    .   c - +0 kite shield
rNeg     + . .     Faith    .   p - +0 chain mail
rPois    ∞         Spirit   .   (no helmet)
rElec    +         Reflect  .   (no cloak)
rCorr    .         Harm     .   (no gloves)
MR       .....                  (no boots)
Stlth    ..........             (no amulet)
HPRegen  0.11/turn              (no ring)
MPRegen  0.09/turn              (no ring)

@: mighty
A: negative energy resistance 1, electricity resistance, unbreathing,
petrification resistance, rot immunity, AC +4
a: no special abilities


You were on level 3 of the Dungeon.
You were not hungry.

You visited 1 branch of the dungeon, and saw 3 of its levels.

You collected 71 gold pieces.

Inventory:

Hand Weapons
 a - a +0 flail (weapon)
Armour
 c - a +0 kite shield (worn)
 p - a +0 chain mail (worn)
Jewellery
 i - an uncursed ring of ice
Scrolls
 e - 2 scrolls of blinking
 g - a scroll of identify
 k - 2 scrolls of teleportation {unknown}
 o - a scroll of enchant weapon {unknown}
Potions
 h - a potion of cancellation
 j - 2 potions of brilliance
 l - 2 potions of mutation
 m - a potion of flight {unknown}
Comestibles
 f - 11 rations
 n - 12 chunks of flesh


   Skills:
 + Level 4.0 Fighting
 + Level 3.8 Maces & Flails
 + Level 4.1 Armour
 + Level 4.8 Shields


You had 4 spell levels left.
You didn't know any spells.
Your spell library was empty.

Dungeon Overview and Level Annotations

Branches:
Dungeon (3/15)

Altars:
Ashenzari
Uskayaw

Annotations:
D:3 Robin


Innate Abilities, Weirdness & Mutations

You are resistant to torment.
Your stone body is resilient. (AC +4)
You are immune to poison.
You resist negative energy. (rN+)
You are resistant to electric shocks. (rElec)
You can survive without breathing.
You are immune to petrification.
You are immune to rotting.


Message History

* * * LOW HITPOINT WARNING * * *
The goblin hits you but does no damage. The goblin barely misses you.
Unknown command.
You closely miss the hobgoblin. The goblin closely misses you.
You block the hobgoblin's attack. You block the goblin's attack.
The goblin hits you with a +0 dagger.
* * * LOW HITPOINT WARNING * * *
The goblin hits you but does no damage. The goblin barely misses you. x2
You block the goblin's attack. The hobgoblin barely misses you.
Unknown command.
You sock the hobgoblin!
You kill the hobgoblin!
You block the goblin's attack. The goblin hits you but does no damage.
Robin roars a battlecry!
The hobgoblin goes into a battle-frenzy!
You block the goblin's attack.
The goblin hits you but does no damage. x3
You block the goblin's attack. The goblin hits you but does no damage.
Robin throws the goblin at you!
The goblin hits you with a +1 dagger of speed.
You die...

... ###.....#### ...
#.......#... ..
#.#.....#..÷
#.##...[)..#... #
####......)...#### # #.
#......#..##.....#
#.##.##.###..#..##.....#
.......g...............#
.....gg@g...............
#.##.gg?g..........#..##
#.gggg.............##
........#.............
...#........#...........
......................##
...#.................
..####.......#.##... .
#. #.......... .. ...


You could see Robin, 2 hobgoblins and 8 goblins.

Vanquished Creatures
  An orc priest (D:3)
  2 orc wizards (D:3)
  5 adders
  An adder skeleton (D:3)
  2 dart slugs (D:2)
  3 leopard geckos (D:2)
  5 orcs
  3 giant cockroaches
  15 hobgoblins
  A quokka (D:3)
  9 bats
  5 goblins
  6 kobolds
  7 rats
65 creatures vanquished.

Notes
Turn   | Place    | Note
-------+----------+-------------------------------------------
     0 | D:1      | McKennaii the Gargoyle Fighter began the quest for the Orb.
     0 | D:1      | Reached XP level 1. HP: 14/14 MP: 1/1
   199 | D:1      | Reached XP level 2. HP: 16/19 MP: 2/2
   895 | D:2      | Reached XP level 3. HP: 10/23 MP: 3/3
  1199 | D:2      | Found a hide-covered altar of Uskayaw.
  1216 | D:2      | Reached XP level 4. HP: 29/29 MP: 4/4
  2049 | D:3      | Reached XP level 5. HP: 31/33 MP: 5/5
  2282 | D:3      | Found a shattered altar of Ashenzari.
  2386 | D:3      | Noticed Robin
  2398 | D:3      | Slain by a goblin

Illustrated notes

Levels and vault maps discovered:
D:1:      co_arrival_square_in_a_square_in_a_square, layout_basic
D:2:      layout_loops_ring, eat_drink_and_be_merry_uskayaw, minmay_pentomino_p4
D:3:      layout_basic, evilmike_ruin_ashenzari, marbit_many_paths,
          led_sif_pool, ebering_ghost_reflecting_pool, uniq_robin

Skill      XL: |  1  2  3  4  5 |
---------------+----------------+-----
Shields        | 4 |  4.8
Maces & Flails | 3 |  3.8
Armour         | 4 |  4.1
Fighting       | 4 |  4.0

Action                   |  1- 3 |  4- 6 || total
-------------------------+-------+-------++-------
Melee: Flail             |   136 |   159 ||   295
  Use: Scroll            |       |     4 ||     4
       Potion            |       |     1 ||     1
  Eat: Chunk             |     1 |     4 ||     5
Armor: Scale mail        |    99 |   122 ||   221
       Chain mail        |       |    22 ||    22
Dodge: Dodged            |    51 |    79 ||   130
Block: Kite shield       |    88 |   148 ||   236
